[ AOE2 MATCH · #507082082 ]
UnrankedKhmer vs Magyars
Player's team · WIN
Rival team · LOSS
[ REPLAY ANALYSIS · EXTRACTED FROM THE RECORDED GAME ]
Feudal
—
Castle
—
Imperial
—
| APM avg | 40.0 |
| APM peak | 99 |
| eAPM avg | 14.3 |
| Villagers / military | 47 / 16 |
Focus
⚔️ 21.9% · 🌾 78.1%
Battle Elephant ×13 · Spearman ×3
Feudal
—
Castle
—
Imperial
—
| APM avg | 30.2 |
| APM peak | 59 |
| eAPM avg | 10.6 |
| Villagers / military | 45 / 11 |
Focus
⚔️ 25.9% · 🌾 74.1%
Spearman ×8 · Scout Cavalry ×3
Match map
Initial resources + every placement click. Lines = walls · curves = elevation contours. ◆ gold · ⬟ stone · ● berries · ✦ relic · ◌ wall gap
Your base· ✓ Closed at 16:30 · 38t walls · no gate
vN eRaaz's base· ✓ Closed at 19:24 · 38t walls · 1 gate(s)
Smoothed initial terrain · ◌ = detected wall gap · hover for details
Inputs per minute
— Lukeario23 - - vN eRaaz
Build order — Lukeario23
130 actions detected in the replay
| 0:00 | Queue | Villager (Male) |
| 0:00 | Queue | Villager (Male) |
| 0:01 | Queue | Villager (Male) |
| 0:01 | Queue | Villager (Male) |
| 0:02 | Build | House |
| 0:04 | Build | House |
| 1:31 | Queue | Villager (Male) |
| 1:58 | Queue | Villager (Male) |
| 2:25 | Build | Lumber Camp |
| 2:27 | Queue | Villager (Male) |
| 2:45 | Queue | Villager (Male) |
| 2:45 | Queue | Villager (Male) |
| 3:01 | Queue | Villager (Male) |
| 3:01 | Queue | Villager (Male) |
| 3:36 | Queue | Villager (Male) |
| 3:42 | Queue | Villager (Male) |
| 3:56 | Build | House |
| 3:57 | Build | House |
| 4:09 | Research | Loom |
| 4:09 | Queue | Villager (Male) |
| 4:29 | Queue | Villager (Male) |
| 5:29 | Build | House |
| 5:34 | Build | Mill |
| 5:53 | Queue | Villager (Male) |
| 6:14 | Queue | Villager (Male) |
| 6:43 | Research | Feudal Age |
| 7:28 | Build | House |
| 7:29 | Build | Palisade Wall |
| 7:36 | Build | Palisade Wall |
| 7:48 | Build | Palisade Wall |
| 7:50 | Build | Palisade Wall |
| 7:59 | Build | Palisade Wall |
| 8:06 | Build | House |
| 8:34 | Build | House |
| 8:36 | Build | Palisade Wall |
| 8:37 | Build | Palisade Wall |
| 8:39 | Build | Palisade Wall |
| 8:55 | Queue | Villager (Male) |
| 9:19 | Queue | Villager (Male) |
| 9:29 | Build | Barracks |
| 9:36 | Queue | Villager (Male) |
| 9:43 | Build | House |
| 9:44 | Build | House |
| 10:11 | Queue | Villager (Male) |
| 10:21 | Queue | Spearman |
| 10:22 | Queue | Spearman |
| 10:28 | Research | Double-Bit Axe |
| 10:36 | Build | Farm |
| 10:41 | Queue | Villager (Male) |
| 10:41 | Queue | Villager (Male) |
| 10:53 | Build | Palisade Wall |
| 10:57 | Queue | Villager (Male) |
| 11:02 | Build | House |
| 11:16 | Research | Horse Collar |
| 11:19 | Build | Farm |
| 11:36 | Build | Farm |
| 11:43 | Build | Farm |
| 11:49 | Queue | Villager (Male) |
| 11:49 | Queue | Villager (Male) |
| 11:59 | Queue | Villager (Male) |
| 12:02 | Build | Farm |
| 12:16 | Build | Farm |
| 12:21 | Build | Farm |
| 12:36 | Queue | Villager (Male) |
| 12:48 | Build | Farm |
| 12:49 | Build | Farm |
| 12:52 | Build | Farm |
| 13:06 | Queue | Villager (Male) |
| 13:09 | Build | Farm |
| 13:22 | Queue | Spearman |
| 13:26 | Queue | Villager (Male) |
| 13:35 | Build | Farm |
| 13:40 | Build | Farm |
| 13:54 | Queue | Villager (Male) |
| 14:30 | Build | Mining Camp |
| 14:43 | Queue | Villager (Male) |
| 14:47 | Build | Farm |
| 15:01 | Queue | Villager (Male) |
| 15:11 | Build | House |
| 15:16 | Build | House |
| 15:22 | Queue | Villager (Male) |
| 15:48 | Build | Blacksmith |
| 15:59 | Queue | Villager (Male) |
| 16:30 | Research | Castle Age |
| 17:14 | Build | Farm |
| 17:15 | Build | Farm |
| 17:15 | Build | Farm |
| 17:15 | Build | Farm |
| 18:15 | Build | Stable |
| 18:18 | Research | Scale Barding Armor |
| 18:35 | Build | Farm |
| 18:38 | Build | Farm |
| 19:00 | Queue | Villager (Male) |
| 19:16 | Queue | Battle Elephant |
| 19:17 | Queue | Battle Elephant |
| 19:17 | Queue | Battle Elephant |
| 19:17 | Queue | Battle Elephant |
| 19:19 | Build | Stable |
| 19:22 | Research | Chain Barding Armor |
| 19:31 | Queue | Villager (Male) |
| 19:45 | Research | Forging |
| 19:55 | Build | Farm |
| 20:02 | Build | Lumber Camp |
| 20:03 | Queue | Villager (Male) |
| 20:12 | Queue | Battle Elephant |
| 20:13 | Queue | Battle Elephant |
| 20:13 | Queue | Battle Elephant |
| 20:16 | Build | House |
| 20:30 | Queue | Battle Elephant |
| 20:32 | Queue | Villager (Male) |
| 20:32 | Queue | Villager (Male) |
| 20:32 | Queue | Villager (Male) |
| 20:45 | Queue | Villager (Male) |
| 20:57 | Build | Outpost |
| 21:00 | Build | Outpost |
| 21:03 | Build | Outpost |
| 21:04 | Build | Outpost |
| 21:07 | Build | Outpost |
| 21:09 | Queue | Villager (Male) |
| 21:11 | Queue | Battle Elephant |
| 21:24 | Build | Lumber Camp |
| 21:46 | Queue | Battle Elephant |
| 21:46 | Queue | Battle Elephant |
| 21:48 | Queue | Villager (Male) |
| 21:54 | Research | Town Watch |
| 22:09 | Queue | Battle Elephant |
| 22:10 | Queue | Villager (Male) |
| 22:31 | Queue | Battle Elephant |
| 22:32 | Queue | Villager (Male) |
| 22:49 | Queue | Villager (Male) |
Build order — vN eRaaz
130 actions detected in the replay
| 0:01 | Queue | Villager (Male) |
| 0:01 | Queue | Villager (Male) |
| 0:02 | Queue | Villager (Male) |
| 0:02 | Queue | Villager (Male) |
| 0:04 | Build | House |
| 0:07 | Build | House |
| 1:39 | Queue | Villager (Male) |
| 1:45 | Queue | Villager (Male) |
| 2:30 | Build | Lumber Camp |
| 2:35 | Queue | Villager (Male) |
| 3:04 | Queue | Villager (Male) |
| 3:04 | Queue | Villager (Male) |
| 3:05 | Queue | Villager (Male) |
| 3:13 | Build | House |
| 3:24 | Queue | Villager (Male) |
| 3:37 | Queue | Villager (Male) |
| 3:37 | Queue | Villager (Male) |
| 3:54 | Queue | Villager (Male) |
| 4:27 | Queue | Villager (Male) |
| 5:31 | Queue | Villager (Male) |
| 5:32 | Queue | Villager (Male) |
| 5:43 | Build | Mill |
| 5:49 | Queue | Villager (Male) |
| 5:50 | Queue | Villager (Male) |
| 5:52 | Research | Loom |
| 6:08 | Queue | Villager (Male) |
| 6:18 | Research | Loom |
| 7:11 | Research | Feudal Age |
| 8:13 | Build | Barracks |
| 8:15 | Build | House |
| 8:17 | Queue | Villager (Male) |
| 8:47 | Queue | Villager (Male) |
| 9:37 | Build | Stable |
| 9:42 | Build | House |
| 9:47 | Build | House |
| 9:52 | Build | Palisade Wall |
| 9:56 | Build | Palisade Wall |
| 9:58 | Queue | Villager (Male) |
| 10:02 | Queue | Spearman |
| 10:20 | Research | Double-Bit Axe |
| 10:23 | Queue | Scout Cavalry |
| 10:23 | Queue | Scout Cavalry |
| 10:23 | Queue | Scout Cavalry |
| 10:39 | Queue | Villager (Male) |
| 10:40 | Queue | Villager (Male) |
| 10:47 | Build | House |
| 10:49 | Build | Palisade Wall |
| 10:54 | Build | House |
| 10:57 | Build | Palisade Wall |
| 10:59 | Queue | Villager (Male) |
| 11:20 | Build | Palisade Wall |
| 11:33 | Queue | Villager (Male) |
| 11:33 | Queue | Villager (Male) |
| 11:38 | Build | Farm |
| 11:39 | Build | Farm |
| 11:39 | Build | Farm |
| 11:39 | Build | Farm |
| 11:52 | Build | House |
| 11:59 | Build | Palisade Wall |
| 12:01 | Queue | Villager (Male) |
| 12:10 | Build | Farm |
| 12:10 | Build | Farm |
| 12:10 | Build | Farm |
| 12:42 | Build | Farm |
| 12:42 | Build | Farm |
| 12:51 | Build | Farm |
| 12:51 | Build | Farm |
| 13:07 | Queue | Villager (Male) |
| 13:35 | Queue | Villager (Male) |
| 13:35 | Queue | Villager (Male) |
| 13:41 | Build | Mining Camp |
| 13:50 | Build | Blacksmith |
| 14:01 | Queue | Villager (Male) |
| 14:24 | Queue | Villager (Male) |
| 14:34 | Build | Palisade Gate |
| 14:44 | Build | House |
| 14:49 | Build | Palisade Wall |
| 14:51 | Build | House |
| 15:02 | Build | Market |
| 15:04 | Research | Horse Collar |
| 15:06 | Queue | Villager (Male) |
| 15:07 | Queue | Villager (Male) |
| 15:14 | Build | House |
| 15:20 | Build | House |
| 15:22 | Build | House |
| 15:25 | Queue | Villager (Male) |
| 15:31 | Build | Farm |
| 15:37 | Queue | Villager (Male) |
| 16:10 | Queue | Villager (Male) |
| 16:17 | Build | Lumber Camp |
| 16:21 | Build | Farm |
| 16:21 | Build | Farm |
| 16:21 | Build | Farm |
| 16:36 | Build | Farm |
| 17:06 | Queue | Villager (Male) |
| 17:19 | Build | Farm |
| 17:19 | Build | Farm |
| 17:37 | Build | House |
| 17:44 | Queue | Villager (Male) |
| 17:44 | Queue | Villager (Male) |
| 18:05 | Build | House |
| 18:17 | Build | Farm |
| 18:18 | Build | Farm |
| 18:18 | Build | Farm |
| 18:21 | Queue | Villager (Male) |
| 18:31 | Build | House |
| 19:24 | Research | Castle Age |
| 19:29 | Build | Archery Range |
| 19:47 | Build | House |
| 19:51 | Build | House |
| 20:05 | Research | Bloodlines |
| 20:15 | Build | Farm |
| 20:15 | Build | Farm |
| 20:16 | Build | Farm |
| 20:17 | Build | Farm |
| 20:33 | Research | Scale Barding Armor |
| 20:56 | Build | House |
| 21:04 | Build | Barracks |
| 21:08 | Research | Scale Mail Armor |
| 21:12 | Queue | Spearman ×4 |
| 21:36 | Build | Stone Wall |
| 21:43 | Build | Stone Wall |
| 21:48 | Queue | Spearman |
| 21:49 | Queue | Spearman |
| 21:49 | Queue | Spearman |
| 22:09 | Research | Pikeman (upgrade) |
| 22:25 | Build | Barracks |
| 22:27 | Queue | Villager (Male) |
| 22:28 | Queue | Villager (Male) |
| 22:37 | Build | House |
Match timeline
| 7:29 | Lukeario23 · wall_segment Palisade Wall x1 |
| 7:36 | Lukeario23 · wall_segment Palisade Wall x16 |
| 7:48 | Lukeario23 · wall_segment Palisade Wall x1 |
| 7:50 | Lukeario23 · wall_segment Palisade Wall x1 |
| 7:59 | Lukeario23 · wall_segment Palisade Wall x5 |
| 8:13 | vN eRaaz · first_building Barracks |
| 8:36 | Lukeario23 · wall_segment Palisade Wall x1 |
| 8:37 | Lukeario23 · wall_segment Palisade Wall x1 |
| 8:39 | Lukeario23 · wall_segment Palisade Wall x1 |
| 9:29 | Lukeario23 · first_building Barracks |
| 9:37 | vN eRaaz · first_building Stable |
| 9:52 | vN eRaaz · wall_segment Palisade Wall x3 |
| 9:56 | vN eRaaz · wall_segment Palisade Wall x3 |
| 10:49 | vN eRaaz · wall_segment Palisade Wall x4 |
| 10:53 | Lukeario23 · wall_segment Palisade Wall x11 |
| 10:57 | vN eRaaz · wall_segment Palisade Wall x6 |
| 11:20 | vN eRaaz · wall_segment Palisade Wall x13 |
| 11:59 | vN eRaaz · wall_segment Palisade Wall x3 |
| 14:49 | vN eRaaz · wall_segment Palisade Wall x6 |
| 18:15 | Lukeario23 · first_building Stable |
| 19:22 | vN eRaaz · first_market_buy 100 food |
| 19:29 | vN eRaaz · first_building Archery Range |
| 21:36 | vN eRaaz · wall_segment Stone Wall x5 |
| 21:43 | vN eRaaz · wall_segment Stone Wall x3 |
| 23:01 | vN eRaaz · resign |
[ AI ANALYSIS · 1 CREDIT ]
What really happened in this match?
Wolo.gg analyzes every decision: build order, eco, micro, common mistakes by bracket. Personalized analysis on WhatsApp or Discord in 30 seconds.
Civ guide
Khmer
Perfil
Jugador #20364060